 Dungeon Crawl Stone Soup version 0.21-a0-193-g085b6a0 (webtiles) character file.

445 nikopol the Chopper (level 6, -2/84 HPs)
             Began as a Minotaur Berserker on July 27, 2017.
             Was a Priest of Trog.
             Slain by Edmund
             ... wielding a +2 flail of crushing
              (3 damage)
             ... on level 4 of the Dungeon on Aug 14, 2017.
             The game lasted 00:08:03 (2381 turns).

nikopol the Chopper (Minotaur Berserker)            Turns: 2381, Time: 00:08:03

Health: -2/84      AC:  5    Str: 26    XL:     6   Next: 72%
Magic:  5/5        EV: 12    Int:  4    God:    Trog [***...]
Gold:   184        SH:  0    Dex: 12    Spells: 5/5 levels left

rFire    . . .     SeeInvis .   a - +0 hand axe
rCold    . . .     Gourm    .   (no shield)
rNeg     . . .     Faith    .   i - +0 ring mail (curse)
rPois    .         Spirit   .   j - +0 hat
rElec    .         Reflect  .   (no cloak)
rCorr    .         Harm     .   (no gloves)
MR       .....                  (no boots)
Stlth    ..........             (no amulet)
HPRegen  0.24/turn              (no ring)
MPRegen  0.09/turn              (no ring)

@: berserking, very quick
A: retaliatory headbutt, horns 2
a: Berserk, Trog's Hand, Burn Spellbooks, Renounce Religion


You were on level 4 of the Dungeon.
You worshipped Trog.
Trog was most pleased with you.
You were hungry.

You visited 1 branch of the dungeon, and saw 4 of its levels.

You collected 184 gold pieces.

Inventory:

Hand Weapons
 a - a +0 hand axe (weapon)
Missiles
 q - 36 arrows
Armour
 b - a +0 animal skin
 i - a cursed +0 ring mail (worn)
 j - a +0 hat (worn)
Jewellery
 k - an uncursed ring of wizardry {unknown}
Scrolls
 f - 4 scrolls of enchant armour {unknown}
 g - 6 scrolls of identify {unknown}
 h - 2 scrolls of remove curse {unknown}
 m - 2 scrolls of noise {unknown}
 n - a scroll of immolation {unknown}
 o - 2 scrolls of enchant weapon {unknown}
 r - a scroll of amnesia {unknown}
 u - a scroll of fog {unknown}
Potions
 d - 3 potions of curing
 e - 3 potions of lignification {unknown}
 l - a potion of might {unknown}
 p - a potion of brilliance {unknown}
 t - a potion of flight {unknown}
Comestibles
 c - 3 bread rations
 s - 7 chunks of flesh
 v - a royal jelly


   Skills:
 + Level 5.3 Fighting
 + Level 6.6 Axes
 + Level 4.1 Armour
 + Level 3.7 Dodging
 + Level 0.5 Stealth


You had 5 spell levels left.
You didn't know any spells.

Dungeon Overview and Level Annotations

Branches:
Dungeon (4/15)
 Temple: D:4-7

Altars:
Cheibriados
Gozag
Qazlal
Yredelemnul

Annotations:
D:4 Edmund


Innate Abilities, Weirdness & Mutations

You reflexively headbutt those who attack you in melee.
You have a pair of horns on your head.


Message History

You are too injured to fight recklessly!
You are too injured to fight recklessly!
You are too injured to fight recklessly!
You are too injured to fight recklessly!
You are too injured to fight recklessly!
A red film seems to cover your vision as you go berserk!
You feel yourself moving faster!
You feel mighty!
You are feeling hungry.
The troll bites you!!
* * * LOW HITPOINT WARNING * * *
The troll claws you!
* * * LOW HITPOINT WARNING * * *
The troll claws you.
* * * LOW HITPOINT WARNING * * *
You closely miss Edmund. You headbutt Edmund.
Edmund is lightly wounded.
You hit the troll.
Edmund hits you with a flail of crushing!
* * * LOW HITPOINT WARNING * * *
You die...

#..........#
#.###+###..# #.# #.#
#..# #.###.###..#
#.+.._..'..#
#.#######..#
###########.# ### #..#
##.....#.....#######..#
#....T@................
#.....@..........#######
#...............## ###
#...............# #..
#...............# #..
................# #..
................#### #..
##<....>.......#...# #..
...........##...# ###


You could see Edmund and a troll.

Vanquished Creatures
  Duvessa (D:4)
  Dowan (D:4)
  A jelly (D:1)
  A hound zombie (D:3)
  7 gnolls (D:3)
  4 adders
  3 oozes (D:1)
  3 worms (D:2)
  2 dart slugs (D:1)
  15 orcs
  A ball python (D:1)
  7 bats
  8 giant cockroaches
  7 hobgoblins
  5 jackals (D:1)
  6 kobolds
  2 quokkas (D:4)
  2 frilled lizards
  2 gnoll zombies (D:3)
  8 goblins
  15 rats
101 creatures vanquished.

Notes
Turn   | Place    | Note
-------+----------+-------------------------------------------
     0 | D:1      | nikopol the Minotaur Berserker began the quest for the Orb.
     0 | D:1      | Reached XP level 1. HP: 19/19 MP: 0/0
    40 | D:1      | Reached skill level 4 in Axes
    52 | D:1      | Reached XP level 2. HP: 22/27 MP: 1/1
    92 | D:1      | Found a runed door.
   123 | D:1      | Reached XP level 3. HP: 33/33 MP: 2/2
   131 | D:1      | Reached XP level 4. HP: 31/41 MP: 3/3
   132 | D:1      | Reached ** piety under Trog
   405 | D:1      | Reached skill level 5 in Axes
  1028 | D:3      | Reached XP level 5. HP: 18/47 MP: 4/4
  1320 | D:3      | Upgraded the game from 0.21-a0-150-gc243083 to 0.21-a0-193-g085b6a0
  1475 | D:3      | Reached *** piety under Trog
  1526 | D:3      | Found a snail-covered altar of Cheibriados.
  1593 | D:3      | Reached skill level 5 in Fighting
  1804 | D:3      | Reached skill level 6 in Axes
  1940 | D:3      | Found a basalt altar of Yredelemnul.
  2011 | D:4      | Reached XP level 6. HP: 56/56 MP: 5/5
  2172 | D:4      | Found an opulent altar of Gozag.
  2241 | D:4      | Noticed Duvessa
  2242 | D:4      | Noticed Dowan
  2248 | D:4      | Killed Duvessa
  2250 | D:4      | Killed Dowan
  2344 | D:4      | Found a stormy altar of Qazlal.
  2373 | D:4      | Noticed a troll
  2376 | D:4      | Noticed Edmund
  2381 | D:4      | HP: 1/84 [Edmund/flail of crushing (9)]
  2381 | D:4      | Slain by Edmund

Vault maps used:
D:1:      dpeg_arrival_caged_fury
D:2:      wad_pebble_path, serial_corexii_hall, corexii_hall_statues_i,
          corexii_hall_statues_i
D:3:      cheibriados_altar_1, lemuel_zombie_altar_yredelemnul,
          nicolae_overflow_hidden_temple
D:4:      kennysheep_mini_moat, lemuel_doored_altar, overflow_temple_1_default,
          dk_noncrumbling_2, serial_bayou_pond_a, minmay_misc_feat_alley,
          hangedman_abyss_or_decor_lesser_grid, uniq_duvessa, uniq_grinder,
          uniq_edmund

Skill      XL: |  1  2  3  4  5  6 |
---------------+-------------------+-----
Axes           | 4 5 6 |  6.6
Fighting       | 4 5 |  5.3
Dodging        | 3 |  3.7
Armour         | 3 4 |  4.1
Stealth        | |  0.5

Action                   |  1- 3 |  4- 6 || total
-------------------------+-------+-------++-------
Melee: Hand axe          |    37 |   144 ||   181
       Headbutt          |     6 |    31 ||    37
Invok: Berserk           |     1 |     5 ||     6
  Eat: Chunk             |       |    10 ||    10
Armor: Animal skin       |     9 |       ||     9
       Ring mail         |       |    40 ||    40
Dodge: Dodged            |    25 |    96 ||   121
